 Dungeon Crawl Stone Soup version 0.22-a0-587-g7d32d7c (webtiles) character file.

78691 sking99 the Bludgeoner (level 15, -1/132 HPs)
             Began as a Minotaur Fighter on July 4, 2018.
             Was a High Priest of Trog.
             Slain by a spriggan berserker
             ... wielding a +4 antimagic hand axe
              (7 damage)
             ... on level 14 of the Dungeon.
             The game lasted 01:13:48 (27668 turns).

sking99 the Bludgeoner (Minotaur Fighter)          Turns: 27668, Time: 01:13:49

Health: -1/132     AC: 21    Str: 22    XL:     15   Next: 18%
Magic:  12/14      EV: 16    Int:  5    God:    Trog [*****.]
Gold:   2288       SH:  0    Dex: 18    Spells: 14/14 levels left

rFire    . . .     SeeInvis .   a - +6 great mace (venom)
rCold    . . .     Gourm    .   (shield currently unavailable)
rNeg     . . .     Faith    +   s - +0 plate armour
rPois    +         Spirit   .   (helmet restricted)
rElec    .         Reflect  .   w - +2 cloak {rPois}
rCorr    .         Harm     .   (no gloves)
MR       +....                  m - +1 pair of boots
Stlth    ..........             p - amulet of faith
HPRegen  0.32/turn              K - +3 ring of dexterity
MPRegen  0.14/turn              Q - +3 ring of evasion

@: about to teleport
A: retaliatory headbutt, horns 2
a: Berserk, Trog's Hand, Brothers in Arms, Renounce Religion


You were on level 14 of the Dungeon.
You worshipped Trog.
Trog was extremely pleased with you.
You were very hungry.

You visited 3 branches of the dungeon, and saw 22 of its levels.
You also visited: Ice Cave.

You collected 2463 gold pieces.
You spent 175 gold pieces at shops.

Inventory:

Hand Weapons
 a - a +6 great mace of venom (weapon)
 b - a +4 longbow of flaming
Missiles
 W - 720 arrows
Armour
 m - a +1 pair of boots (worn)
 s - a +0 plate armour (worn)
 w - a +2 cloak of poison resistance (worn)
 J - a scarf of cloud immunity
Jewellery
 n - an uncursed ring of protection from cold
 p - an amulet of faith (around neck)
 F - an uncursed ring of flight
 K - a +3 ring of dexterity (left hand)
 O - an uncursed ring of protection from fire
 Q - a +3 ring of evasion (right hand)
 R - a +5 ring of strength
Wands
 c - a wand of disintegration (12)
 v - a wand of flame (51)
 y - a wand of polymorph (23)
 E - a wand of digging (16)
 G - a wand of iceblast (13)
 H - a wand of paralysis (20)
 M - a wand of scattershot (10)
 X - a wand of random effects (76)
 Z - a wand of acid (6)
Scrolls
 d - 4 scrolls of magic mapping
 e - 7 scrolls of teleportation
 h - 3 scrolls of enchant weapon
 j - 7 scrolls of remove curse
 l - a scroll of identify
 L - a scroll of immolation
 N - a scroll of vulnerability
 P - 7 scrolls of enchant armour
 S - 2 scrolls of fog
 V - a scroll of fear
Potions
 g - 5 potions of flight
 i - 3 potions of haste
 k - 2 potions of agility
 o - 4 potions of might
 q - 3 potions of invisibility
 r - 2 potions of heal wounds
 u - 4 potions of lignification
 x - 8 potions of curing
 z - 3 potions of brilliance
 A - a potion of magic
 B - 4 potions of mutation
 C - a potion of berserk rage
 D - a potion of resistance
 I - 2 potions of cancellation
 Y - 3 potions of ambrosia
Comestibles
 f - 41 rations


   Skills:
 - Level 11.9 Fighting
 - Level 20.2 Maces & Flails
 * Level 13.2 Bows
 - Level 11.6 Armour
 + Level 9.8 Dodging
   Level 4.4 Shields


You had 14 spell levels left.
You didn't know any spells.
Your spell library was empty.

Dungeon Overview and Level Annotations

Branches:
Dungeon (14/15)            Temple (0/1) D:4            Lair (6/6) D:8
  Swamp (0/4) Lair:4        Snake (0/4) Lair:2        Slime (0/5) Lair:6
    Orc (2/2) D:10            Elf (0/3) Orc:2
 Vaults: D:13-14

Altars:
Cheibriados
Gozag
Hepliaklqana
Nemelex Xobeh
Qazlal
Ru
Trog
Yredelemnul
Jiyva

Shops:
D:4 **?   D:11 (   D:12 *   Orc:2 }}!!


Innate Abilities, Weirdness & Mutations

You reflexively headbutt those who attack you in melee.
You have a pair of horns on your head.


Message History

* * * LOW HITPOINT WARNING * * *
You stumble backwards!
The spriggan berserker utters an invocation to Trog.
The spriggan berserker goes berserk!
The death yak rages.
The elephant tramples you!
* * * LOW HITPOINT WARNING * * *
You stumble backwards!
The spriggan berserker hits you with a rapier!
* * * LOW HITPOINT WARNING * * *
The elephant rages.
The elephant closely misses you.
The elephant trunk-slaps you but does no damage.
Okay, then.
As you read the scroll of teleportation, it crumbles to dust.
You feel strangely unstable.
The spriggan berserker hits you with a rapier!
* * * LOW HITPOINT WARNING * * *
The spriggan berserker hits you with an antimagic hand axe!
You die...

########........#
...... #........#
...... #........#
...... #........#
..>...
#..#.....####
######
#...........## #
##...[...##..# .
.........##.# .#
..♣♣♣♣♣.@i#.# .♣
♣♣Yi..# ♣♣...#
♣♣YY# .# ♣i.# .i
♣..# Y i. ♣..#
...#i ♣♣..#
♣.....♣♣(..#


You could see 2 death yaks, an elephant (berserk) and 3 spriggan berserkers.

Vanquished Creatures
  Nessos (Orc:2)
  4 hydras
  A catoblepas (Lair:6)
  2 centaur warriors
  3 two-headed ogres
  4 death yaks (Lair:6)
  Nergalle (Lair:2)
  A fire crab (Lair:6)
  2 unseen horrors
  Pikel (D:5)
  A necromancer (IceCv)
  3 cyclopes
  An orc sorcerer (Orc:1)
  A deep elf mage (D:10)
  5 orc knights
  A manticore (Lair:5)
  Maurice (D:8)
  7 black mambas
  10 elephants
  11 spiny frogs
  2 ice statues (IceCv)
  3 gargoyles
  A torpor snail (Lair:5)
  5 rime drakes
  5 komodo dragons
  9 ice devils (IceCv)
  8 trolls
  A queen bee (D:9)
  2 polar bears (Lair:6)
  16 hippogriffs
  16 blink frogs
  2 shadows
  2 spriggans (Lair:1)
  Sigmund (D:2)
  3 hogs (Lair:6)
  12 wyverns
  53 yaks
  5 basilisks
  3 steam dragons
  4 nagas (Lair:2)
  2 wargs
  An acid dragon (D:12)
  9 water moccasins
  5 porcupines
  8 phantoms
  A slave (D:5)
  3 black bears
  13 ice beasts
  52 orc warriors
  3 sky beasts
  A hornet zombie (D:8)
  An eye of draining (D:13)
  9 ogres
  7 wolves
  26 centaurs
  9 crocodiles
  9 bullfrogs
  A gnoll sergeant (Orc:1)
  3 scorpions
  26 killer bees (D:9)
  18 wights
  6 electric eels
  5 howler monkeys
  6 crimson imps
  2 bullfrog skeletons (D:4)
  A quasit (D:12)
  26 orc priests
  A centaur skeleton (D:10)
  2 draconian simulacra (IceCv)
  4 bullfrog zombies
  A gnoll shaman (D:5)
  Crazy Yiuf (D:3)
  15 hounds
  2 jellies
  Jessica (D:3)
  Ijyb (D:3)
  Terence (D:3)
  30 orc wizards
  2 spriggan simulacra (IceCv)
  A troll simulacrum (IceCv)
  9 worker ants
  2 killer bee zombies
  2 centaur simulacra (IceCv)
  A hound skeleton (D:7)
  Robin (D:3)
  A worker ant zombie (D:9)
  12 adders
  7 gnolls
  A naga simulacrum (IceCv)
  2 ogre simulacra (IceCv)
  4 shadow imps
  An ooze (D:1)
  2 adder skeletons
  An adder zombie (D:9)
  2 worms (D:3)
  A dart slug (D:2)
  4 leopard geckos
  109 orcs
  A ball python (D:2)
  6 giant cockroaches
  20 goblins
  11 hobgoblins
  2 jackals (D:8)
  5 quokkas
  13 bats
  7 frilled lizards
  2 jackal skeletons
  A jackal zombie (D:9)
  10 kobolds
  2 leopard gecko skeletons (D:5)
  2 quokka skeletons
  A quokka zombie (D:9)
  5 rats
  A plant (Lair:6)
780 creatures vanquished.

Vanquished Creatures (collateral kills)
  Kirke (Lair:6)
  The ghost of Paulus the Fighter, a journeyman NaMo of Nemelex Xobeh (Lair:1)
  Harold (Lair:1)
  5 hydras
  A deep troll shaman (Lair:6)
  2 spriggan berserkers (D:14)
  A polar bear (Lair:1)
  A centaur (D:11)
  3 electric eels (D:8)
  A hound (D:11)
  An adder (D:11)
  A shadow imp (D:11)
  An orc (D:11)
20 creatures vanquished.

Vanquished Creatures (others)
  A human (D:11)
  A slave (D:5)
  A crimson imp (D:11)
  An iguana (D:5)
  A leopard gecko (D:8)
  A bush (Lair:6)
  6 fungi
  8 plants
20 creatures vanquished.

Grand Total: 820 creatures vanquished

Notes
Turn   | Place    | Note
-------+----------+-------------------------------------------
     0 | D:1      | sking99 the Minotaur Fighter began the quest for the Orb.
     0 | D:1      | Reached XP level 1. HP: 19/19 MP: 0/0
   391 | D:1      | Reached XP level 2. HP: 27/27 MP: 1/1
   893 | D:2      | Reached XP level 3. HP: 33/33 MP: 2/2
   921 | D:2      | Reached skill level 3 in Maces & Flails
  1303 | D:2      | Found a bloodstained altar of Trog.
  1319 | D:2      | Became a worshipper of Trog the Wrathful
  1488 | D:2      | Noticed Sigmund
  1890 | D:3      | Reached XP level 4. HP: 33/40 MP: 3/3
  1968 | D:3      | Noticed Terence
  1974 | D:3      | Killed Terence
  1979 | D:3      | Reached skill level 4 in Maces & Flails
  1991 | D:3      | Reached skill level 1 in Dodging
  1991 | D:3      | Reached XP level 5. HP: 40/46 MP: 4/4
  2013 | D:3      | Noticed Jessica
  2035 | D:3      | Killed Jessica
  2038 | D:3      | Reached * piety under Trog
  2144 | D:3      | Reached skill level 5 in Maces & Flails
  2270 | D:3      | Noticed Robin
  2293 | D:3      | Killed Robin
  2293 | D:3      | Reached XP level 6. HP: 55/55 MP: 5/5
  2415 | D:3      | Noticed Ijyb
  2425 | D:3      | Killed Ijyb
  2425 | D:3      | Reached skill level 5 in Fighting
  2527 | D:3      | Found a hazy altar of Hepliaklqana.
  2613 | D:3      | Found a runed door.
  2766 | D:3      | Noticed Crazy Yiuf
  2769 | D:3      | Killed Crazy Yiuf
  2769 | D:3      | Reached skill level 6 in Maces & Flails
  3413 | D:4      | Reached ** piety under Trog
  3548 | D:4      | Found Archits's Magic Scroll Shop.
  3566 | D:4      | Found Pullac's General Store.
  3585 | D:4      | Reached skill level 7 in Maces & Flails
  3585 | D:4      | Reached XP level 7. HP: 58/62 MP: 6/6
  3606 | D:4      | Bought a scroll of enchant weapon for 97 gold pieces
  3606 | D:4      | Bought 2 scrolls of remove curse for 78 gold pieces
  3711 | D:4      | Found Xeefaytt's Assorted Antiques.
  3736 | D:4      | Reached skill level 8 in Maces & Flails
  3744 | D:4      | Found a stormy altar of Qazlal.
  3770 | D:4      | Found a staircase to the Ecumenical Temple.
  4094 | D:5      | Entered Level 5 of the Dungeon
  4429 | D:5      | Found a sparkling altar of Nemelex Xobeh.
  4558 | D:5      | Reached XP level 8. HP: 45/71 MP: 7/7
  4689 | D:5      | Noticed Pikel
  4708 | D:5      | Killed Pikel
  4708 | D:5      | Reached skill level 10 in Maces & Flails
  5683 | D:6      | Reached skill level 11 in Maces & Flails
  5897 | D:6      | Reached XP level 9. HP: 82/82 MP: 8/8
  6280 | D:2      | Killed Sigmund
  6822 | D:7      | Found a basalt altar of Yredelemnul.
  6859 | D:7      | Reached *** piety under Trog
  6909 | D:7      | Reached skill level 12 in Maces & Flails
  8378 | D:8      | Reached skill level 13 in Maces & Flails
  8404 | D:8      | Found a sacrificial altar of Ru.
  8468 | D:8      | Reached skill level 10 in Fighting
  8489 | D:8      | Noticed a troll
  8494 | D:8      | Killed a troll
  8520 | D:8      | Reached XP level 10. HP: 93/93 MP: 9/9
  8531 | D:8      | Reached **** piety under Trog
  8563 | D:8      | Noticed Maurice
  8599 | D:8      | Killed Maurice
  8712 | D:8      | Found a staircase to the Lair.
  8718 | D:8      | Reached skill level 14 in Maces & Flails
  9422 | D:9      | Found a snail-covered altar of Cheibriados.
  9641 | D:9      | Found a runed door.
  9645 | D:9      | Found a basalt altar of Yredelemnul.
  9917 | D:9      | Reached skill level 15 in Maces & Flails
 10150 | D:9      | Reached XP level 11. HP: 92/104 MP: 10/10
 10204 | D:9      | Reached ***** piety under Trog
 10207 | D:9      | Found an opulent altar of Gozag.
 10993 | D:10     | Entered Level 10 of the Dungeon
 11297 | D:10     | Killed an unseen horror
 11297 | D:10     | Reached skill level 16 in Maces & Flails
 11297 | D:10     | Reached skill level 5 in Armour
 11487 | D:10     | Found a staircase to the Orcish Mines.
 11553 | D:10     | Noticed a deep elf mage
 11572 | D:10     | Killed a deep elf mage
 12103 | D:11     | Noticed a six-headed hydra
 12112 | D:11     | Killed a six-headed hydra
 12422 | D:11     | Noticed a two-headed ogre
 12430 | D:11     | Killed a two-headed ogre
 12493 | D:11     | Noticed a centaur warrior
 12506 | D:11     | Killed a centaur warrior
 12506 | D:11     | Reached skill level 17 in Maces & Flails
 13148 | D:11     | Found Meceawn's Antique Weapon Shop.
 13151 | D:11     | Identified a scroll of acquirement
 13294 | Lair:1   | Entered Level 1 of the Lair of Beasts
 13311 | Lair:1   | Reached XP level 12. HP: 107/112 MP: 11/11
 13619 | Lair:1   | Noticed Harold
 13634 | Lair:1   | Killed Harold
 13874 | Lair:1   | Found a runed door.
 13875 | Lair:1   | Noticed Paulus's ghost (journeyman NaMo)
 13907 | Lair:1   | Reached skill level 18 in Maces & Flails
 14339 | Lair:1   | Killed Paulus's ghost
 14373 | Lair:1   | Got a pitted spear {elec}
 14374 | Lair:1   | Identified the +2 spear of Okoucacw {elec, +Inv rN+ Stlth-} (You took it off a spriggan on level 1 of the Lair of Beasts)
 14704 | Lair:2   | Noticed a six-headed hydra
 14711 | Lair:2   | Killed a six-headed hydra
 14745 | Lair:2   | Found a staircase to the Snake Pit.
 14762 | Lair:2   | Received a gift from Trog
 15001 | Lair:2   | Noticed Nergalle
 15021 | Lair:2   | Killed Nergalle
 15021 | Lair:2   | Reached skill level 19 in Maces & Flails
 15021 | Lair:2   | Reached skill level 10 in Armour
 15500 | Lair:3   | Noticed a six-headed hydra
 15514 | Lair:3   | Killed a six-headed hydra
 16127 | Lair:3   | Reached XP level 13. HP: 64/117 MP: 12/12
 16878 | Lair:4   | Found a frozen archway.
 16937 | IceCv    | Entered an ice cave
 16958 | IceCv    | Reached skill level 20 in Maces & Flails
 17424 | IceCv    | Got a faintly glowing shortbow
 17433 | IceCv    | Identified the +0 shortbow of Wounding {freeze, MR+ Str+6 Stlth+} (You found it in an ice cave)
 17601 | IceCv    | Reached skill level 1 in Bows
 18592 | Lair:4   | Found a staircase to the Swamp.
 18886 | Lair:5   | Received a gift from Trog
 18935 | Lair:5   | Reached skill level 5 in Bows
 19707 | Lair:5   | Reached skill level 5 in Dodging
 19970 | Lair:6   | Entered Level 6 of the Lair of Beasts
 20739 | Lair:5   | Reached XP level 14. HP: 119/125 MP: 13/13
 20929 | Lair:5   | Received a gift from Trog
 21635 | Lair:6   | Found a staircase to the Slime Pits.
 21635 | Lair:6   | Found a viscous altar of Jiyva.
 22247 | Lair:6   | Reached skill level 10 in Bows
 22250 | Lair:6   | Noticed Kirke
 22385 | Lair:6   | Killed Kirke
 22403 | Lair:6   | Found an opulent altar of Gozag.
 22775 | Lair:6   | Found a sparkling altar of Nemelex Xobeh.
 23555 | D:12     | Received a gift from Trog
 24000 | D:12     | Found Datz's Assorted Antiques.
 25182 | Orc:1    | Entered Level 1 of the Orcish Mines
 25432 | Orc:2    | Entered Level 2 of the Orcish Mines
 25869 | Orc:2    | Noticed Nessos
 25875 | Orc:2    | Killed Nessos
 25875 | Orc:2    | Received a gift from Trog
 26179 | Orc:2    | Found a staircase to the Elven Halls.
 26230 | Orc:2    | Received a gift from Trog
 26230 | Orc:2    | Reached XP level 15. HP: 82/132 MP: 14/14
 26280 | Orc:2    | Reached ****** piety under Trog
 26287 | Orc:2    | Received a gift from Trog
 26720 | Orc:2    | Found Diof's Distillery.
 26720 | Orc:2    | Found Dawioz's Gadget Emporium.
 26723 | Orc:2    | Found Ujum's Gadget Shoppe.
 26725 | Orc:2    | Found Biuguel's Distillery.
 27654 | D:14     | Received a gift from Trog
 27668 | D:14     | HP: 6/132 [spriggan berserker/rapier (12)]
 27668 | D:14     | Slain by a spriggan berserker

Vault maps used:
D:1:      dpeg_arrival_simpleton_c, minmay_pentomino_w2
D:2:      bloody_trog, serial_co_window_serial, co_window_corner_a,
          co_window_paths_a, co_window_paths_a, co_window_paths_a,
          co_window_paths_a, co_window_corner_ca, co_window_broadway_a,
          co_window_2corner, co_window_corner_ca, glass_columns_c, first_ration,
          minivault_4, uniq_sigmund
D:3:      lemuel_doored_altar, uniq_robin, uniq_crazy_yiuf_cottage,
          uniq_terence, uniq_ijyb, uniq_jessica
D:4:      grunt_qazlal_clouds, minmay_temple_entry_hall, serial_glass,
          glass_columns_a, glass_columns_b, minmay_strange_pillars,
          due_unseen_surprise, feat_on_display, item_on_display_b, serial_shops,
          shop, nicolae_shop_trees, shop, minmay_stone_trees_small
D:5:      nemelex_xobeh_ov_fountains_minmay, uniq_pikel
D:7:      nicolae_overflow_hidden_temple
D:8:      nicolae_ru_awakened_eye, erik_lair_island, uniq_maurice
D:9:      cheibriados_altar_1, basic_altar, david_nohive_1,
          dk_yredelemnul_ordeal
D:10:     cheibrodos_steamvent, orc_david_3
D:11:     serial_shops, kennysheep_mini, minmay_misc_feat_rugged
D:12:     serial_shops, shop, special_room
D:13:     st_stairs_12, hangedman_decor_diamond_cutter
D:14:     david_vaults_5, serial_park_tiny_1, minmay_tree_intersection,
          minmay_guarded_unrand_wrath_of_trog, uniq_agnes, uniq_rupert
Lair:1:   ebering_ghost_funeral_grove, uniq_harold
Lair:2:   minmay_snake_entry_guardpost_medium, serial_bayou_shore_a,
          infiniplex_staircase_pool, uniq_nergalle
Lair:4:   swamp_mist, portal_ice_cave_entry_ice_beasts, bh_chokoban
Lair:5:   special_room, cheibrodos_lair_reptile_den
Lair:6:   grunt_lair_end_beastmaster, slime_altar_1, basic_altar,
          serial_bayou_pond_b, lemuel_centaur_altar,
          infiniplex_staircase_pool_2, uniq_kirke
Orc:2:    st_orc_rangers, sword_in_stone, uniq_nessos
IceCv:    ice_cave_tombish

Skill      XL: |  1  2  3  4  5  6  7  8  9 10 11 12 13 14 15 |
---------------+----------------------------------------------+-----
Armour         | 4 8 10 11 | 11.6
Shields        | 4 |  4.4
Fighting       | 4 5 6 8 10 11 | 11.9
Maces & Flails | 3 4 5 7 8 11 13 15 17 19 20 | 20.2
Dodging        | 1 5 9 |  9.8
Bows           | 7 12 13 | 13.2

Action                   |  1- 3 |  4- 6 |  7- 9 | 10-12 | 13-15 || total
-------------------------+-------+-------+-------+-------+-------++-------
Melee: Flail             |   132 |   177 |   371 |       |       ||   680
       Headbutt          |    16 |    29 |    68 |   149 |   266 ||   528
       Dire flail        |       |       |    13 |   715 |   291 ||  1019
       Great mace        |       |       |       |       |   727 ||   727
       Unarmed           |       |       |       |       |     1 ||     1
 Fire: Shortbow          |       |       |       |       |    70 ||    70
       Longbow           |       |       |       |       |    66 ||    66
Throw: Stone             |     2 |       |       |       |       ||     2
Invok: Berserk           |       |       |     2 |       |       ||     2
       Trog's Hand       |       |       |     1 |       |     5 ||     6
       Brothers in Arms  |       |       |       |    12 |     5 ||    17
  Use: Scroll            |       |     7 |     1 |     9 |    20 ||    37
       Potion            |       |     1 |       |     1 |     6 ||     8
  Eat: Chunk             |     3 |     4 |    29 |    28 |    28 ||    92
       Ration            |       |       |     1 |       |     1 ||     2
Armor: Scale mail        |    48 |       |       |       |       ||    48
       Chain mail        |    21 |    96 |   171 |   121 |       ||   409
       Plate armour      |       |       |       |   236 |   578 ||   814
Dodge: Dodged            |    42 |    47 |    71 |   243 |   556 ||   959
Block: Shield            |    76 |    77 |   129 |       |       ||   282

Table legend:
 A = Spawn XP
 B = Non-spawn XP
 C = Spawn XP percentage of total XP
 D = Spawn monster count
 E = Non-spawn monster count
 F = Spawn count percentage of total count
 G = Total turns spent on level
                    A         B        C        D         E        F      G
               +---------+---------+-------+---------+---------+-------+---------
         Total |       0 |  112416 |   0.0 |       0 |     798 |   0.0 | 27668
               +---------+---------+-------+---------+---------+-------+---------
           D:1 |       0 |      38 |   0.0 |       0 |      21 |   0.0 |   838
           D:2 |       0 |     267 |   0.0 |       0 |      28 |   0.0 |  1508
           D:3 |       0 |     405 |   0.0 |       0 |      50 |   0.0 |  1177
           D:4 |       0 |     601 |   0.0 |       0 |      24 |   0.0 |  1191
           D:5 |       0 |    1176 |   0.0 |       0 |      18 |   0.0 |  1268
           D:6 |       0 |     666 |   0.0 |       0 |      14 |   0.0 |   960
           D:7 |       0 |     878 |   0.0 |       0 |      18 |   0.0 |   972
           D:8 |       0 |    2910 |   0.0 |       0 |      47 |   0.0 |  1497
           D:9 |       0 |    5225 |   0.0 |       0 |      83 |   0.0 |  1644
          D:10 |       0 |    4780 |   0.0 |       0 |      39 |   0.0 |  1321
          D:11 |       0 |    5533 |   0.0 |       0 |      30 |   0.0 |  1245
          D:12 |       0 |    6245 |   0.0 |       0 |      45 |   0.0 |   935
          D:13 |       0 |    4176 |   0.0 |       0 |      20 |   0.0 |   839
          D:14 |       0 |    1562 |   0.0 |       0 |       4 |   0.0 |    92
        Lair:1 |       0 |    4803 |   0.0 |       0 |      18 |   0.0 |  1232
        Lair:2 |       0 |    7321 |   0.0 |       0 |      25 |   0.0 |  1351
        Lair:3 |       0 |    6763 |   0.0 |       0 |      25 |   0.0 |  1182
        Lair:4 |       0 |    4391 |   0.0 |       0 |      20 |   0.0 |  1146
        Lair:5 |       0 |   15656 |   0.0 |       0 |      65 |   0.0 |  2271
        Lair:6 |       0 |   19954 |   0.0 |       0 |      54 |   0.0 |  2081
         Orc:1 |       0 |    5738 |   0.0 |       0 |      49 |   0.0 |   932
         Orc:2 |       0 |    8474 |   0.0 |       0 |      79 |   0.0 |  1260
         IceCv |       0 |    4854 |   0.0 |       0 |      22 |   0.0 |   726
               +---------+---------+-------+---------+---------+-------+---------
